2827 views
Uploaded 2021-03-05 17:17:03
Game version 1.32.9
23:15 long 4on4 ladder game on (8)MarketSquare
Saved by BaDitO2
2827 views
Uploaded 2021-03-05 17:17:03
Game version 1.32.9
23:15 long 4on4 ladder game on (8)MarketSquare


151 units @ 20.5k
/ 2.2k
91 buildings @ 13.2k
/ 5.9k



| Orb of Venom | 3 | 975 |
| Potion of Healing | 1 | 150 |
| Scroll of Town Portal | 2 | 700 |
| Orb of Corruption | 1 | 375 |
| total: | 7 | 2200g |
| Wisp | 38 | 2280 | / | 0 |
| Chimaera | 6 | 1980 | / | 420 |
| total: | 44 | 4260g | / | 420w |
| Ancient Protector | 10 | 1350 | / | 800 |
| Altar of Elders | 1 | 180 | / | 50 |
| Moon Well | 6 | 1080 | / | 240 |
| Hunter's Hall | 1 | 210 | / | 100 |
| Tree of Life | 4 | 1360 | / | 740 |
| Ancient of Wonders | 3 | 270 | / | 90 |
| Ancient of Wind | 4 | 600 | / | 560 |
| Chimaera Roost | 2 | 280 | / | 380 |
| Tree of Ages | 1 | 320 | / | 180 |
| Tree of Eternity | 1 | 330 | / | 200 |
| total: | 31 | 5330g | / | 2960w |
| 0:03 | Wisp |
| 0:03 | Wisp |
| 0:10 | Altar of Elders |
| 0:15 | Moon Well |
| 0:33 | Wisp |
| 0:34 | Wisp |
| 0:45 | Wisp |
| 0:45 | Wisp |
| 1:15 | Moon Well |
| 1:24 | Wisp |
| 1:41 | Hunter's Hall |
| 1:43 | Wisp |
| 1:44 | Wisp |
| 1:45 | Wisp |
| 1:46 | Wisp |
| 1:46 | Wisp |
| 2:08 | Moon Well |
| 2:14 | Entangling Roots |
| 2:45 | Wisp |
| 2:49 | Ancient Protector |
| 2:51 | Ancient Protector |
| 3:02 | Ancient Protector |
| 3:08 | Wisp |
| 3:24 | Wisp |
| 3:35 | Ancient Protector |
| 3:38 | Ancient Protector |
| 3:41 | Ancient Protector |
| 3:48 | Wisp |
| 3:48 | Wisp |
| 3:48 | Wisp |
| 3:51 | Wisp |
| 4:10 | Ancient Protector |
| 4:13 | Wisp |
| 5:00 | Tree of Ages |
| 5:17 | Tree of Life |
| 5:24 | Tree of Life |
| 5:45 | Moon Well |
| 5:48 | Moon Well |
| 6:02 | Ancient Protector |
| 6:16 | Ancient Protector |
| 6:42 | Moon Well |
| 7:22 | Tree of Eternity |
| 7:28 | Wisp |
| 7:28 | Wisp |
| 7:29 | Wisp |
| 7:29 | Wisp |
| 7:29 | Wisp |
| 7:30 | Wisp |
| 8:10 | Force of Nature |
| 9:31 | Ancient of Wonders |
| 9:37 | Ancient of Wonders |
| 9:43 | Ancient of Wonders |
| 9:47 | Trueshot Aura |
| 9:51 | Tree of Life |
| 10:13 | Black Arrow |
| 10:36 | Chimaera Roost |
| 10:44 | Chimaera Roost |
| 11:32 | Well Spring |
| 11:44 | Orb of Venom |
| 11:46 | Orb of Venom |
| 11:55 | Orb of Venom |
| 12:29 | Wisp |
| 12:29 | Wisp |
| 12:29 | Wisp |
| 12:29 | Wisp |
| 12:36 | Wisp |
| 12:36 | Wisp |
| 12:36 | Wisp |
| 12:36 | Wisp |
| 12:55 | Wisp |
| 12:55 | Wisp |
| 13:30 | Nature's Blessing |
| 13:52 | Life Drain |
| 14:09 | Ancient Protector |
| 14:27 | Chimaera |
| 14:33 | Chimaera |
| 15:09 | Chimaera |
| 15:14 | Wisp |
| 15:14 | Wisp |
| 15:52 | Corrosive Breath |
| 16:07 | Scroll of Town Portal |
| 17:23 | Entangling Roots |
| 18:10 | Scroll of Town Portal |
| 18:10 | Orb of Corruption |
| 18:21 | Chimaera |
| 18:47 | Chimaera |
| 19:29 | Tree of Life |
| 20:33 | Force of Nature |
| 21:02 | Ancient of Wind |
| 21:05 | Ancient of Wind |
| 21:07 | Ancient of Wind |
| 21:10 | Ancient of Wind |
| 22:26 | Chimaera |
| 22:41 | Life Drain |
| 22:50 | Potion of Healing |
| Select | 418 |
| Misc. action | 388 |
| Right click | 335 |
| Select group | 260 |
| Build/train/purchase | 86 |
| Use ability | 59 |
| Assign group | 20 |
| Esc | 11 |
| Item give/drop | 2 |
| Minimap ping | 2 |


| Rod of Necromancy | 2 | 300 |
| Potion of Healing | 4 | 600 |
| Potion of Mana | 3 | 600 |
| Scroll of Town Portal | 1 | 350 |
| Scroll of Healing | 1 | 250 |
| total: | 11 | 2100g |
| Acolyte | 7 | 525 | / | 0 |
| Ghoul | 14 | 1680 | / | 0 |
| Crypt Fiend | 11 | 2365 | / | 440 |
| Obsidian Statue | 1 | 200 | / | 35 |
| total: | 33 | 4770g | / | 475w |
| Nerubian Tower | 2 | 200 | / | 40 |
| Spirit Tower | 4 | 580 | / | 160 |
| Crypt | 3 | 600 | / | 150 |
| Altar of Darkness | 2 | 360 | / | 100 |
| Ziggurat | 8 | 1200 | / | 400 |
| Tomb of Relics | 1 | 130 | / | 30 |
| Necropolis | 1 | 225 | / | 0 |
| Graveyard | 2 | 430 | / | 0 |
| Slaughterhouse | 1 | 140 | / | 135 |
| Sacrificial Pit | 1 | 75 | / | 150 |
| Boneyard | 1 | 175 | / | 200 |
| Halls of the Dead | 1 | 320 | / | 210 |
| Black Citadel | 1 | 325 | / | 230 |
| total: | 20 | 3335g | / | 1165w |
| 0:05 | Acolyte |
| 0:12 | Crypt |
| 0:17 | Altar of Darkness |
| 0:30 | Ziggurat |
| 0:47 | Acolyte |
| 0:56 | Tomb of Relics |
| 1:17 | Ghoul |
| 1:25 | Ghoul |
| 1:34 | Ghoul |
| 1:50 | Ziggurat |
| 2:16 | Ghoul |
| 2:18 | Rod of Necromancy |
| 2:20 | Carrion Beetles |
| 2:28 | Ghoul |
| 2:56 | Ghoul |
| 3:20 | Ghoul |
| 3:24 | Acolyte |
| 3:51 | Impale |
| 4:20 | Necropolis |
| 4:30 | Ghoul |
| 4:36 | Graveyard |
| 4:40 | Ziggurat |
| 4:55 | Ziggurat |
| 5:13 | Impale |
| 5:37 | Ghoul |
| 5:37 | Ghoul |
| 6:10 | Acolyte |
| 6:10 | Acolyte |
| 6:10 | Acolyte |
| 6:11 | Acolyte |
| 6:14 | Ziggurat |
| 6:14 | Ziggurat |
| 6:34 | Halls of the Dead |
| 6:49 | Crypt Fiend |
| 7:03 | Spiked Carapace |
| 7:12 | Crypt Fiend |
| 7:30 | Rod of Necromancy |
| 7:50 | Nerubian Tower |
| 7:52 | Spirit Tower |
| 7:55 | Ziggurat |
| 7:57 | Ziggurat |
| 8:09 | Creature Attack |
| 8:15 | Spirit Tower |
| 8:38 | Spirit Tower |
| 8:40 | Crypt Fiend |
| 9:02 | Potion of Healing |
| 9:06 | Potion of Mana |
| 9:30 | Slaughterhouse |
| 9:38 | Ghoul |
| 9:38 | Ghoul |
| 9:59 | Death Coil |
| 10:13 | Burrow |
| 10:47 | Unholy Aura |
| 10:56 | Improved Creature Attack |
| 10:57 | Crypt Fiend |
| 11:00 | Obsidian Statue |
| 11:11 | Scroll of Town Portal |
| 11:12 | Potion of Healing |
| 11:13 | Potion of Mana |
| 11:17 | Potion of Healing |
| 11:24 | Creature Carapace |
| 11:28 | Web |
| 12:38 | Black Citadel |
| 12:42 | Crypt Fiend |
| 12:42 | Crypt Fiend |
| 13:01 | Crypt |
| 13:16 | Crypt Fiend |
| 13:20 | Improved Creature Carapace |
| 13:21 | Advanced Creature Carapace |
| 14:00 | Crypt Fiend |
| 14:06 | Sacrificial Pit |
| 14:11 | Ghoul |
| 14:12 | Ghoul |
| 15:02 | Boneyard |
| 15:28 | Advanced Creature Attack |
| 16:05 | Crypt Fiend |
| 16:25 | Crypt Fiend |
| 17:24 | Crypt Fiend |
| 17:26 | Potion of Healing |
| 17:26 | Potion of Mana |
| 17:27 | Scroll of Healing |
| 17:37 | Impale |
| 18:09 | Altar of Darkness |
| 18:16 | Graveyard |
| 18:22 | Crypt |
| 19:13 | Nerubian Tower |
| 19:15 | Spirit Tower |
| Right click | 327 |
| Select | 245 |
| Build/train/purchase | 102 |
| Resource trade | 60 |
| Use ability | 22 |
| Misc. action | 11 |
| Remove unit | 2 |


| Scroll of Regeneration | 4 | 400 |
| Potion of Healing | 1 | 150 |
| Scroll of Town Portal | 4 | 1400 |
| total: | 9 | 1950g |
| Peasant | 15 | 1125 | / | 0 |
| Footman | 2 | 270 | / | 0 |
| Rifleman | 21 | 4305 | / | 630 |
| Sorceress | 9 | 1395 | / | 180 |
| Priest | 2 | 270 | / | 20 |
| total: | 49 | 7365g | / | 830w |
| Scout Tower | 3 | 90 | / | 60 |
| Arcane Tower | 1 | 70 | / | 50 |
| Guard Tower | 1 | 70 | / | 50 |
| Farm | 11 | 880 | / | 220 |
| Altar of Kings | 1 | 180 | / | 50 |
| Barracks | 2 | 320 | / | 120 |
| Blacksmith | 1 | 140 | / | 60 |
| Arcane Vault | 1 | 130 | / | 30 |
| Town Hall | 2 | 770 | / | 410 |
| Lumber Mill | 1 | 120 | / | 0 |
| Arcane Sanctum | 3 | 450 | / | 420 |
| Keep | 1 | 320 | / | 210 |
| Castle | 1 | 360 | / | 210 |
| total: | 25 | 3080g | / | 1370w |
| 0:05 | Peasant |
| 0:05 | Peasant |
| 0:24 | Peasant |
| 0:38 | Farm |
| 0:43 | Altar of Kings |
| 0:46 | Peasant |
| 0:57 | Barracks |
| 1:04 | Peasant |
| 1:05 | Peasant |
| 1:16 | Peasant |
| 1:21 | Farm |
| 2:05 | Footman |
| 2:07 | Farm |
| 2:10 | Blacksmith |
| 2:11 | Peasant |
| 2:12 | Peasant |
| 2:26 | Footman |
| 2:47 | Farm |
| 2:53 | Summon Water Elemental |
| 3:14 | Peasant |
| 3:17 | Arcane Vault |
| 3:21 | Peasant |
| 3:24 | Rifleman |
| 4:04 | Town Hall |
| 4:15 | Rifleman |
| 4:18 | Brilliance Aura |
| 4:24 | Scout Tower |
| 4:55 | Arcane Tower |
| 4:59 | Lumber Mill |
| 5:26 | Peasant |
| 5:28 | Rifleman |
| 5:39 | Rifleman |
| 5:40 | Peasant |
| 6:00 | Rifleman |
| 6:19 | Keep |
| 6:21 | Rifleman |
| 6:38 | Summon Water Elemental |
| 6:57 | Rifleman |
| 6:58 | Black Gunpowder |
| 6:59 | Studded Leather Armor |
| 7:11 | Peasant |
| 7:11 | Peasant |
| 7:15 | Farm |
| 7:16 | Rifleman |
| 7:51 | Scroll of Regeneration |
| 7:58 | Farm |
| 8:04 | Scroll of Regeneration |
| 8:37 | Rifleman |
| 8:40 | Castle |
| 8:44 | Arcane Sanctum |
| 8:46 | Improved Lumber Harvesting |
| 9:21 | Arcane Sanctum |
| 9:27 | Scroll of Town Portal |
| 9:40 | Flame Strike |
| 9:47 | Arcane Sanctum |
| 10:01 | Sorceress Adept Training |
| 10:04 | Farm |
| 11:28 | Sorceress Master Training |
| 11:29 | Priest Adept Training |
| 11:30 | Sorceress |
| 11:34 | Long Rifles |
| 11:35 | Rifleman |
| 11:40 | Advanced Lumber Harvesting |
| 11:46 | Scroll of Town Portal |
| 11:46 | Scroll of Regeneration |
| 11:59 | Scroll of Regeneration |
| 12:08 | Sorceress |
| 12:09 | Priest |
| 13:05 | Priest Master Training |
| 13:05 | Sorceress |
| 13:06 | Rifleman |
| 13:07 | Rifleman |
| 13:51 | Brilliance Aura |
| 13:59 | Town Hall |
| 14:08 | Refined Gunpowder |
| 14:09 | Reinforced Leather Armor |
| 14:12 | Farm |
| 14:14 | Farm |
| 14:35 | Scroll of Town Portal |
| 15:01 | Farm |
| 15:03 | Sorceress |
| 16:06 | Imbued Gunpowder |
| 16:08 | Sorceress |
| 16:13 | Farm |
| 17:34 | Sorceress |
| 18:21 | Rifleman |
| 18:22 | Dragonhide Armor |
| 18:25 | Barracks |
| 18:29 | Improved Masonry |
| 18:34 | Scout Tower |
| 18:54 | Rifleman |
| 18:54 | Rifleman |
| 18:55 | Rifleman |
| 18:56 | Sorceress |
| 18:57 | Priest |
| 19:06 | Guard Tower |
| 19:26 | Sorceress |
| 19:45 | Scroll of Town Portal |
| 19:54 | Rifleman |
| 20:34 | Rifleman |
| 20:41 | Siphon Mana |
| 21:13 | Rifleman |
| 21:18 | Sorceress |
| 21:21 | Potion of Healing |
| 21:30 | Rifleman |
| 21:36 | Scout Tower |
| 21:56 | Rifleman |
| 22:05 | Advanced Masonry |
| Right click | 646 |
| Select | 462 |
| Build/train/purchase | 110 |
| Use ability | 23 |
| Resource trade | 8 |
| Minimap ping | 1 |



| Scroll of Regeneration | 6 | 600 |
| Lesser Clarity Potion | 5 | 350 |
| Staff of Sanctuary | 1 | 250 |
| Scroll of Town Portal | 2 | 700 |
| total: | 14 | 1900g |
| Peasant | 8 | 600 | / | 0 |
| Rifleman | 17 | 3485 | / | 510 |
| total: | 25 | 4085g | / | 510w |
| Scout Tower | 2 | 60 | / | 40 |
| Arcane Tower | 1 | 70 | / | 50 |
| Altar of Kings | 1 | 180 | / | 50 |
| Farm | 8 | 640 | / | 160 |
| Blacksmith | 1 | 140 | / | 60 |
| Barracks | 1 | 160 | / | 60 |
| Arcane Vault | 1 | 130 | / | 30 |
| Lumber Mill | 1 | 120 | / | 0 |
| Keep | 1 | 320 | / | 210 |
| Castle | 1 | 360 | / | 210 |
| total: | 15 | 1430g | / | 400w |
| 0:01 | Peasant |
| 0:07 | Altar of Kings |
| 0:11 | Peasant |
| 0:15 | Peasant |
| 0:33 | Farm |
| 0:36 | Peasant |
| 0:39 | Blacksmith |
| 0:57 | Barracks |
| 1:06 | Peasant |
| 1:18 | Peasant |
| 1:29 | Farm |
| 1:32 | Peasant |
| 1:37 | Peasant |
| 1:45 | Scout Tower |
| 2:06 | Flame Strike |
| 2:07 | Rifleman |
| 2:10 | Farm |
| 2:23 | Arcane Tower |
| 2:35 | Rifleman |
| 2:35 | Rifleman |
| 2:56 | Rifleman |
| 3:13 | Farm |
| 3:23 | Rifleman |
| 4:06 | Rifleman |
| 4:12 | Siphon Mana |
| 4:25 | Keep |
| 4:30 | Arcane Vault |
| 4:48 | Rifleman |
| 5:08 | Farm |
| 5:10 | Farm |
| 5:19 | Black Gunpowder |
| 5:30 | Scroll of Regeneration |
| 5:34 | Scroll of Regeneration |
| 5:59 | Farm |
| 6:00 | Farm |
| 6:30 | Flame Strike |
| 6:39 | Rifleman |
| 6:47 | Long Rifles |
| 7:03 | Lumber Mill |
| 7:37 | Rifleman |
| 7:38 | Refined Gunpowder |
| 7:55 | Holy Light |
| 8:08 | Improved Lumber Harvesting |
| 8:37 | Siphon Mana |
| 8:45 | Castle |
| 8:55 | Studded Leather Armor |
| 9:40 | Divine Shield |
| 9:59 | Rifleman |
| 10:03 | Rifleman |
| 10:04 | Rifleman |
| 10:13 | Reinforced Leather Armor |
| 10:16 | Scroll of Regeneration |
| 10:17 | Lesser Clarity Potion |
| 10:36 | Lesser Clarity Potion |
| 10:38 | Scroll of Town Portal |
| 10:39 | Scroll of Regeneration |
| 11:53 | Rifleman |
| 12:06 | Rifleman |
| 12:42 | Storm Bolt |
| 13:13 | Rifleman |
| 13:17 | Holy Light |
| 13:21 | Imbued Gunpowder |
| 13:35 | Scroll of Regeneration |
| 13:40 | Lesser Clarity Potion |
| 13:57 | Scroll of Town Portal |
| 13:59 | Staff of Sanctuary |
| 14:20 | Rifleman |
| 15:09 | Rifleman |
| 15:10 | Dragonhide Armor |
| 15:23 | Scroll of Regeneration |
| 15:24 | Lesser Clarity Potion |
| 15:28 | Lesser Clarity Potion |
| 16:00 | Thunder Clap |
| 19:13 | Scout Tower |
| 20:41 | Flame Strike |
| Right click | 883 |
| Select group | 648 |
| Select | 379 |
| Misc. action | 209 |
| Build/train/purchase | 102 |
| Use ability | 89 |
| Assign group | 45 |
| Item give/drop | 5 |
| Esc | 1 |
204 units @ 28.1k
/ 4.2k
100 buildings @ 10.3k
/ 4.2k


| Rod of Necromancy | 2 | 300 |
| Orb of Corruption | 1 | 375 |
| Scroll of Town Portal | 2 | 700 |
| Scroll of Regeneration | 1 | 100 |
| total: | 6 | 1475g |
| Acolyte | 2 | 150 | / | 0 |
| Ghoul | 2 | 240 | / | 0 |
| Crypt Fiend | 8 | 1720 | / | 320 |
| Obsidian Statue | 7 | 1400 | / | 245 |
| total: | 19 | 3510g | / | 565w |
| Nerubian Tower | 1 | 100 | / | 20 |
| Altar of Darkness | 2 | 360 | / | 100 |
| Ziggurat | 6 | 900 | / | 300 |
| Crypt | 1 | 200 | / | 50 |
| Graveyard | 1 | 215 | / | 0 |
| Tomb of Relics | 2 | 260 | / | 60 |
| Slaughterhouse | 1 | 140 | / | 135 |
| Halls of the Dead | 1 | 320 | / | 210 |
| Black Citadel | 1 | 325 | / | 230 |
| total: | 13 | 2075g | / | 645w |
| 0:04 | Acolyte |
| 0:05 | Acolyte |
| 0:06 | Altar of Darkness |
| 0:07 | Ziggurat |
| 0:09 | Altar of Darkness |
| 0:34 | Crypt |
| 0:58 | Graveyard |
| 1:13 | Ziggurat |
| 1:26 | Tomb of Relics |
| 1:38 | Ghoul |
| 1:51 | Ghoul |
| 2:07 | Death Coil |
| 2:21 | Crypt Fiend |
| 2:32 | Rod of Necromancy |
| 2:48 | Crypt Fiend |
| 3:09 | Crypt Fiend |
| 3:39 | Crypt Fiend |
| 4:08 | Halls of the Dead |
| 4:14 | Unholy Aura |
| 4:40 | Rod of Necromancy |
| 4:44 | Ziggurat |
| 4:47 | Creature Attack |
| 5:50 | Death Coil |
| 5:58 | Crypt Fiend |
| 6:32 | Black Citadel |
| 6:35 | Slaughterhouse |
| 7:01 | Web |
| 7:06 | Ziggurat |
| 7:23 | Crypt Fiend |
| 7:33 | Unholy Aura |
| 7:43 | Ziggurat |
| 7:44 | Ziggurat |
| 8:16 | Obsidian Statue |
| 8:16 | Obsidian Statue |
| 8:39 | Frost Nova |
| 8:52 | Nerubian Tower |
| 8:53 | Destroyer Form |
| 8:54 | Obsidian Statue |
| 9:12 | Orb of Corruption |
| 9:38 | Obsidian Statue |
| 10:09 | Frost Armor |
| 11:31 | Death Coil |
| 11:35 | Tomb of Relics |
| 12:46 | Obsidian Statue |
| 12:47 | Obsidian Statue |
| 12:47 | Obsidian Statue |
| 12:47 | Crypt Fiend |
| 12:48 | Crypt Fiend |
| 12:59 | Scroll of Town Portal |
| 13:19 | Scroll of Regeneration |
| 13:38 | Scroll of Town Portal |
| 14:08 | Improved Creature Attack |
| 14:13 | Creature Carapace |
| 15:01 | Frost Nova |
| 17:27 | Animate Dead |
| 17:41 | Frost Armor |
| 20:39 | Frost Nova |
| 20:52 | Unholy Aura |
| Right click | 511 |
| Select | 227 |
| Misc. action | 119 |
| Build/train/purchase | 84 |
| Use ability | 64 |
| Select group | 64 |
| Assign group | 32 |
| Chat | 26 |
| Minimap ping | 8 |
| Resource trade | 5 |


| Scroll of Regeneration | 2 | 200 |
| Lesser Clarity Potion | 1 | 70 |
| Ivory Tower | 2 | 80 |
| total: | 5 | 350g |
| Peasant | 38 | 2850 | / | 0 |
| Footman | 7 | 945 | / | 0 |
| Priest | 6 | 810 | / | 60 |
| Sorceress | 1 | 155 | / | 20 |
| total: | 52 | 4760g | / | 80w |
| Scout Tower | 18 | 540 | / | 360 |
| Guard Tower | 9 | 630 | / | 450 |
| Arcane Tower | 4 | 280 | / | 200 |
| Altar of Kings | 1 | 180 | / | 50 |
| Farm | 7 | 560 | / | 140 |
| Barracks | 1 | 160 | / | 60 |
| Lumber Mill | 1 | 120 | / | 0 |
| Arcane Vault | 1 | 130 | / | 30 |
| Town Hall | 2 | 770 | / | 410 |
| Arcane Sanctum | 3 | 450 | / | 420 |
| Keep | 2 | 640 | / | 420 |
| Castle | 2 | 720 | / | 420 |
| total: | 34 | 2910g | / | 1470w |
| 0:03 | Peasant |
| 0:05 | Peasant |
| 0:19 | Altar of Kings |
| 0:24 | Farm |
| 0:27 | Barracks |
| 0:30 | Peasant |
| 0:49 | Peasant |
| 1:05 | Peasant |
| 1:37 | Footman |
| 1:42 | Peasant |
| 1:45 | Farm |
| 1:48 | Lumber Mill |
| 2:00 | Arcane Vault |
| 2:06 | Farm |
| 2:23 | Footman |
| 2:41 | Summon Water Elemental |
| 2:52 | Footman |
| 2:54 | Peasant |
| 2:54 | Peasant |
| 2:57 | Scout Tower |
| 2:58 | Scout Tower |
| 2:59 | Scout Tower |
| 3:00 | Footman |
| 3:09 | Scout Tower |
| 3:11 | Scout Tower |
| 3:13 | Footman |
| 3:18 | Peasant |
| 4:10 | Scroll of Regeneration |
| 4:24 | Guard Tower |
| 4:26 | Arcane Tower |
| 4:27 | Guard Tower |
| 4:33 | Footman |
| 4:35 | Scroll of Regeneration |
| 4:38 | Lesser Clarity Potion |
| 5:10 | Footman |
| 5:14 | Keep |
| 5:21 | Arcane Tower |
| 5:23 | Guard Tower |
| 5:35 | Farm |
| 5:36 | Farm |
| 5:49 | Brilliance Aura |
| 6:05 | Defend |
| 6:49 | Farm |
| 6:51 | Farm |
| 7:43 | Castle |
| 7:52 | Summon Water Elemental |
| 8:09 | Arcane Sanctum |
| 8:15 | Scout Tower |
| 8:18 | Arcane Sanctum |
| 8:20 | Arcane Sanctum |
| 8:22 | Improved Lumber Harvesting |
| 8:41 | Holy Light |
| 9:35 | Town Hall |
| 9:36 | Guard Tower |
| 9:55 | Priest Adept Training |
| 9:57 | Sorceress Adept Training |
| 10:07 | Peasant |
| 10:37 | Ivory Tower |
| 10:37 | Ivory Tower |
| 10:46 | Priest |
| 10:58 | Guard Tower |
| 11:11 | Peasant |
| 11:34 | Priest |
| 12:11 | Peasant |
| 12:30 | Peasant |
| 12:58 | Peasant |
| 12:58 | Peasant |
| 13:31 | Town Hall |
| 13:36 | Peasant |
| 13:37 | Guard Tower |
| 13:40 | Peasant |
| 13:53 | Peasant |
| 13:59 | Priest |
| 14:43 | Peasant |
| 14:43 | Peasant |
| 14:48 | Peasant |
| 14:48 | Peasant |
| 15:06 | Peasant |
| 16:01 | Scout Tower |
| 16:01 | Scout Tower |
| 16:05 | Scout Tower |
| 16:09 | Peasant |
| 16:13 | Peasant |
| 16:13 | Peasant |
| 16:13 | Peasant |
| 16:13 | Peasant |
| 17:08 | Brilliance Aura |
| 17:11 | Devotion Aura |
| 17:26 | Guard Tower |
| 17:31 | Peasant |
| 17:53 | Devotion Aura |
| 18:12 | Guard Tower |
| 18:53 | Priest |
| 19:16 | Keep |
| 19:18 | Priest |
| 19:33 | Summon Water Elemental |
| 19:43 | Scout Tower |
| 19:44 | Scout Tower |
| 20:11 | Guard Tower |
| 20:28 | Peasant |
| 21:02 | Priest |
| 21:04 | Sorceress |
| 21:23 | Peasant |
| 21:23 | Peasant |
| 21:32 | Scout Tower |
| 21:33 | Scout Tower |
| 21:34 | Scout Tower |
| 21:38 | Castle |
| 21:49 | Arcane Tower |
| 21:53 | Peasant |
| 22:04 | Arcane Tower |
| 22:18 | Scout Tower |
| 22:23 | Peasant |
| 22:33 | Scout Tower |
| 22:46 | Scout Tower |
| 22:48 | Scout Tower |
| 22:49 | Peasant |
| 22:49 | Peasant |
| 22:49 | Peasant |
| 22:50 | Peasant |
| Right click | 632 |
| Select | 559 |
| Build/train/purchase | 137 |
| Chat | 104 |
| Misc. action | 64 |
| Select group | 36 |
| Use ability | 23 |
| Assign group | 10 |
| Minimap ping | 8 |
| Remove unit | 2 |
| Esc | 1 |


| Orb of Fire | 1 | 325 |
| Scroll of Regeneration | 1 | 100 |
| Scroll of Town Portal | 2 | 700 |
| total: | 4 | 1125g |
| Peasant | 20 | 1500 | / | 0 |
| Rifleman | 14 | 2870 | / | 420 |
| Mortar Team | 8 | 1440 | / | 560 |
| Spell Breaker | 3 | 645 | / | 90 |
| Sorceress | 1 | 155 | / | 20 |
| Priest | 5 | 675 | / | 50 |
| Flying Machine | 13 | 1300 | / | 390 |
| total: | 64 | 8585g | / | 1530w |
| Scout Tower | 4 | 120 | / | 80 |
| Guard Tower | 2 | 140 | / | 100 |
| Altar of Kings | 1 | 180 | / | 50 |
| Farm | 12 | 960 | / | 240 |
| Barracks | 1 | 160 | / | 60 |
| Lumber Mill | 1 | 120 | / | 0 |
| Blacksmith | 1 | 140 | / | 60 |
| Arcane Vault | 1 | 130 | / | 30 |
| Town Hall | 1 | 385 | / | 205 |
| Arcane Sanctum | 1 | 150 | / | 140 |
| Workshop | 1 | 140 | / | 140 |
| Keep | 1 | 320 | / | 210 |
| Castle | 1 | 360 | / | 210 |
| total: | 24 | 2485g | / | 1005w |
| 0:03 | Altar of Kings |
| 0:06 | Farm |
| 0:09 | Peasant |
| 0:09 | Peasant |
| 0:22 | Barracks |
| 0:37 | Peasant |
| 0:50 | Peasant |
| 0:59 | Farm |
| 1:10 | Peasant |
| 1:30 | Lumber Mill |
| 1:31 | Peasant |
| 1:34 | Peasant |
| 1:48 | Blacksmith |
| 2:05 | Peasant |
| 2:06 | Peasant |
| 2:17 | Farm |
| 2:29 | Arcane Vault |
| 2:34 | Farm |
| 2:46 | Storm Bolt |
| 3:12 | Rifleman |
| 3:20 | Black Gunpowder |
| 3:22 | Rifleman |
| 3:34 | Farm |
| 4:01 | Keep |
| 4:19 | Rifleman |
| 5:11 | Bash |
| 5:50 | Town Hall |
| 6:09 | Rifleman |
| 6:30 | Refined Gunpowder |
| 7:05 | Castle |
| 7:06 | Rifleman |
| 7:48 | Scout Tower |
| 7:50 | Scout Tower |
| 7:53 | Improved Masonry |
| 7:54 | Rifleman |
| 7:55 | Long Rifles |
| 8:11 | Farm |
| 8:12 | Farm |
| 8:14 | Farm |
| 8:19 | Storm Bolt |
| 8:21 | Holy Light |
| 8:34 | Guard Tower |
| 9:10 | Guard Tower |
| 9:16 | Advanced Masonry |
| 9:17 | Rifleman |
| 9:34 | Arcane Sanctum |
| 10:05 | Workshop |
| 10:14 | Devotion Aura |
| 10:54 | Peasant |
| 10:54 | Peasant |
| 10:54 | Peasant |
| 10:54 | Peasant |
| 11:02 | Imbued Gunpowder |
| 11:49 | Bash |
| 12:29 | Holy Light |
| 12:47 | Scroll of Town Portal |
| 13:04 | Mortar Team |
| 13:04 | Mortar Team |
| 13:05 | Mortar Team |
| 13:09 | Sorceress Adept Training |
| 13:10 | Control Magic |
| 13:10 | Spell Breaker |
| 13:11 | Sorceress |
| 13:13 | Priest |
| 13:14 | Priest |
| 13:17 | Priest Adept Training |
| 13:18 | Priest |
| 13:21 | Studded Leather Armor |
| 13:58 | Rifleman |
| 13:58 | Rifleman |
| 14:03 | Mortar Team |
| 14:06 | Farm |
| 14:18 | Fragmentation Shards |
| 14:38 | Mortar Team |
| 14:45 | Orb of Fire |
| 14:45 | Scroll of Town Portal |
| 14:48 | Scroll of Regeneration |
| 15:04 | Rifleman |
| 15:04 | Rifleman |
| 15:05 | Rifleman |
| 15:08 | Mortar Team |
| 15:12 | Spell Breaker |
| 15:14 | Peasant |
| 15:14 | Peasant |
| 16:30 | Flak Cannons |
| 16:31 | Flying Machine Bombs |
| 16:32 | Flying Machine |
| 16:32 | Flying Machine |
| 16:32 | Flying Machine |
| 16:32 | Flying Machine |
| 16:32 | Flying Machine |
| 16:36 | Iron Plating |
| 16:56 | Storm Bolt |
| 18:23 | Avatar |
| 18:30 | Rifleman |
| 18:30 | Rifleman |
| 18:31 | Priest Master Training |
| 18:32 | Priest |
| 18:32 | Priest |
| 18:33 | Spell Breaker |
| 18:36 | Reinforced Leather Armor |
| 18:39 | Flying Machine |
| 18:40 | Mortar Team |
| 18:40 | Mortar Team |
| 19:33 | Peasant |
| 19:34 | Peasant |
| 19:34 | Peasant |
| 19:34 | Peasant |
| 19:35 | Peasant |
| 21:20 | Flying Machine |
| 21:20 | Flying Machine |
| 21:20 | Flying Machine |
| 21:20 | Flying Machine |
| 21:20 | Flying Machine |
| 21:21 | Flying Machine |
| 21:21 | Flying Machine |
| 21:28 | Farm |
| 21:30 | Farm |
| 21:33 | Farm |
| 21:36 | Scout Tower |
| 21:37 | Scout Tower |
| Right click | 528 |
| Select | 222 |
| Chat | 146 |
| Build/train/purchase | 105 |
| Minimap ping | 38 |
| Use ability | 29 |
| Remove unit | 3 |

| Scroll of Regeneration | 4 | 400 |
| Lesser Clarity Potion | 2 | 140 |
| Scroll of Town Portal | 2 | 700 |
| total: | 8 | 1240g |
| Peasant | 18 | 1350 | / | 0 |
| Footman | 13 | 1755 | / | 0 |
| Knight | 18 | 4410 | / | 1080 |
| Mortar Team | 4 | 720 | / | 280 |
| Sorceress | 3 | 465 | / | 60 |
| Priest | 1 | 135 | / | 10 |
| Spell Breaker | 5 | 1075 | / | 150 |
| Siege Engine | 7 | 1365 | / | 420 |
| total: | 69 | 11275g | / | 2000w |
| Scout Tower | 7 | 210 | / | 140 |
| Arcane Tower | 1 | 70 | / | 50 |
| Guard Tower | 5 | 350 | / | 250 |
| Altar of Kings | 1 | 180 | / | 50 |
| Farm | 12 | 960 | / | 240 |
| Barracks | 1 | 160 | / | 60 |
| Arcane Vault | 1 | 130 | / | 30 |
| Lumber Mill | 3 | 360 | / | 0 |
| Blacksmith | 1 | 140 | / | 60 |
| Town Hall | 1 | 385 | / | 205 |
| Workshop | 1 | 140 | / | 140 |
| Arcane Sanctum | 1 | 150 | / | 140 |
| Keep | 1 | 320 | / | 210 |
| Castle | 1 | 360 | / | 210 |
| total: | 29 | 2815g | / | 1065w |
| 0:08 | Altar of Kings |
| 0:11 | Peasant |
| 0:11 | Peasant |
| 0:26 | Farm |
| 0:28 | Barracks |
| 0:30 | Peasant |
| 0:45 | Farm |
| 0:55 | Peasant |
| 0:55 | Peasant |
| 0:55 | Peasant |
| 0:55 | Peasant |
| 1:19 | Peasant |
| 1:37 | Footman |
| 1:43 | Footman |
| 1:50 | Arcane Vault |
| 1:56 | Peasant |
| 1:56 | Peasant |
| 2:07 | Footman |
| 2:18 | Flame Strike |
| 2:21 | Farm |
| 2:33 | Footman |
| 2:39 | Scout Tower |
| 2:40 | Scout Tower |
| 3:21 | Peasant |
| 3:28 | Lumber Mill |
| 3:33 | Scroll of Regeneration |
| 3:37 | Arcane Tower |
| 4:19 | Siphon Mana |
| 4:30 | Keep |
| 4:31 | Farm |
| 4:33 | Guard Tower |
| 4:35 | Scroll of Regeneration |
| 4:35 | Lesser Clarity Potion |
| 4:37 | Footman |
| 4:39 | Footman |
| 5:03 | Defend |
| 5:11 | Farm |
| 5:53 | Scout Tower |
| 5:55 | Scout Tower |
| 5:56 | Scout Tower |
| 6:04 | Scroll of Regeneration |
| 6:07 | Footman |
| 6:11 | Blacksmith |
| 6:17 | Footman |
| 6:52 | Footman |
| 6:53 | Castle |
| 6:54 | Guard Tower |
| 6:55 | Guard Tower |
| 7:02 | Improved Lumber Harvesting |
| 7:19 | Guard Tower |
| 7:24 | Flame Strike |
| 8:22 | Footman |
| 8:23 | Footman |
| 8:25 | Black Gunpowder |
| 8:25 | Iron Plating |
| 8:28 | Workshop |
| 9:15 | Scroll of Town Portal |
| 9:42 | Footman |
| 9:47 | Town Hall |
| 9:54 | Lumber Mill |
| 9:55 | Siphon Mana |
| 9:56 | Siphon Mana |
| 10:06 | Lesser Clarity Potion |
| 10:12 | Lumber Mill |
| 10:28 | Footman |
| 10:46 | Knight |
| 11:00 | Arcane Sanctum |
| 11:29 | Knight |
| 11:49 | Mortar Team |
| 12:52 | Mortar Team |
| 12:57 | Knight |
| 13:00 | Sorceress |
| 13:01 | Mortar Team |
| 13:13 | Advanced Lumber Harvesting |
| 13:15 | Peasant |
| 13:15 | Peasant |
| 13:15 | Peasant |
| 13:15 | Peasant |
| 13:15 | Peasant |
| 13:43 | Knight |
| 13:43 | Knight |
| 13:45 | Priest |
| 13:59 | Knight |
| 14:20 | Farm |
| 14:20 | Farm |
| 14:21 | Farm |
| 14:22 | Farm |
| 14:24 | Farm |
| 14:25 | Farm |
| 14:45 | Scroll of Town Portal |
| 14:46 | Scroll of Regeneration |
| 15:03 | Mortar Team |
| 15:28 | Sundering Blades |
| 15:32 | Spell Breaker |
| 15:34 | Flame Strike |
| 16:07 | Siege Engine |
| 16:09 | Knight |
| 16:36 | Siege Engine |
| 17:03 | Knight |
| 17:20 | Knight |
| 17:21 | Siege Engine |
| 17:46 | Summon Phoenix |
| 17:53 | Knight |
| 17:55 | Siege Engine |
| 18:00 | Peasant |
| 18:00 | Peasant |
| 18:32 | Scout Tower |
| 18:46 | Knight |
| 18:47 | Sorceress |
| 18:49 | Spell Breaker |
| 19:38 | Scout Tower |
| 19:43 | Knight |
| 19:44 | Siege Engine |
| 19:46 | Sorceress |
| 20:07 | Farm |
| 20:26 | Banish |
| 20:32 | Knight |
| 20:41 | Barrage |
| 21:04 | Guard Tower |
| 21:06 | Knight |
| 21:08 | Spell Breaker |
| 21:35 | Knight |
| 21:37 | Siege Engine |
| 21:38 | Spell Breaker |
| 22:08 | Knight |
| 22:24 | Knight |
| 22:24 | Siege Engine |
| 22:25 | Spell Breaker |
| 22:39 | Banish |
| 22:44 | Knight |
| Right click | 1017 |
| Select | 251 |
| Select group | 247 |
| Chat | 137 |
| Build/train/purchase | 131 |
| Use ability | 55 |
| Assign group | 43 |
| Misc. action | 41 |
| Resource trade | 15 |
| Minimap ping | 13 |
| Esc | 3 |
⇛